| TOP OF THE 1ST |
|
Springfield Cardinals batting - Pitching for Columbia Fireflies : RHP Antonio Perez
|
|
Pitching: RHP Antonio Perez
|
|
|
Batting: RHB Jeff Long
|
0-0: Called Strike 0-1: Ball 1-1: Ball 2-1: Foul Ball, location: 2F 2-2: Ball 3-2: Foul Ball, location: 2F 3-2: Strikes out swinging
|
|
Batting: RHB McGwire Jones
|
0-0: Ball 1-0: Ball 2-0: Fly out, F8 (Line Drive, 8LD, EV 86.2 MPH)
|
|
Batting: RHB Tommy Boudreaux
|
0-0: Called Strike 0-1: Swinging Strike 0-2: Ball 1-2: Ball 2-2: Foul Ball, location: 2F 2-2: Foul Ball, location: 2F 2-2: Foul Ball, location: 2F 2-2: Ground out 5-3 (Groundball, 5, EV 102.5 MPH)
|
| Top of the 1st over - 0 runs, 0 hits, 0 errors, 0 left on base; Springfield 0 - Columbia 0 |
| BOTTOM OF THE 1ST |
|
Columbia Fireflies batting - Pitching for Springfield Cardinals : LHP Nigel Turner
|
|
Pitching: LHP Nigel Turner
|
|
|
Batting: SHB Detlef Oursler
|
0-0: Ground out 5-3 (Groundball, 56, EV 107.5 MPH)
|
|
Batting: SHB Jason Evans
|
0-0: Foul Ball, location: 2F 0-1: Ball 1-1: SINGLE (Groundball, 5S, EV 64.4 MPH) (infield hit)
|
|
Batting: RHB Nate Henderson
|
0-0: Ball 1-0: Ball 2-0: Foul Ball, location: 2F 2-1: Foul Ball, location: 2F 2-2: Foul Ball, location: 2F 2-2: Ball 3-2: Fly out, F2 (Popup, 2LF, EV 88.1 MPH)
|
|
Batting: RHB Masaya Nakamura
|
0-0: Called Strike 0-1: Foul Ball, location: 2F 0-2: Foul Ball, location: 2F 0-2: Ball Jason Evans is caught stealing 2nd base 2-4
|
| Bottom of the 1st over - 0 runs, 1 hit, 0 errors, 0 left on base; Springfield 0 - Columbia 0 |
| TOP OF THE 2ND |
|
Springfield Cardinals batting - Pitching for Columbia Fireflies : RHP Antonio Perez
|
|
Batting: LHB Angelo Vasquez
|
0-0: Foul Ball, location: 2F 0-1: Swinging Strike 0-2: Ball 1-2: Foul Ball, location: 2F 1-2: Foul Ball, location: 2F 1-2: Ball 2-2: Strikes out swinging
|
|
Batting: RHB Fortunato Fteira
|
0-0: Ball 1-0: Ground out 2-3 (Groundball, 2R, EV 68.8 MPH)
|
|
Batting: RHB Immel Kamuzu
|
0-0: Ball 1-0: Ball 2-0: Called Strike 2-1: Called Strike 2-2: SINGLE (Groundball, 34D, EV 106.9 MPH)
|
|
Batting: RHB Juan Martinez
|
0-0: Foul Ball, location: 2F 0-1: Called Strike 0-2: Foul Ball, location: 2F 0-2: Ball 1-2: Foul Ball, location: 2F 1-2: Strikes out looking
|
| Top of the 2nd over - 0 runs, 1 hit, 0 errors, 1 left on base; Springfield 0 - Columbia 0 |
| BOTTOM OF THE 2ND |
|
Columbia Fireflies batting - Pitching for Springfield Cardinals : LHP Nigel Turner
|
|
Batting: RHB Masaya Nakamura
|
0-0: Ball 1-0: Called Strike 1-1: SINGLE (Groundball, 56D, EV 100.0 MPH)
|
|
Batting: LHB Tony Leyba
|
0-0: Ball 1-0: Foul Ball, location: 2F 1-1: SINGLE (Line Drive, 6D, EV 105.6 MPH) Masaya Nakamura to second
|
|
Batting: RHB Larry Shoop
|
0-0: Ball 1-0: Called Strike 1-1: Fielders Choice at 2nd, 6-4 (Groundball, 56, EV 105.0 MPH) Masaya Nakamura to third
|
|
Batting: LHB Dan Bremseth
|
Pickoff Throw to First - Error! E1 Masaya Nakamura scores Larry Shoop to second 0-0: DOUBLE (Line Drive, 8LXD, EV 107.5 MPH) Larry Shoop scores
|
|
Batting: LHB Zane Kelton
|
0-0: Swinging Strike 0-1: Ground out 4-3 (Groundball, 4, EV 85.0 MPH) Dan Bremseth to third
|
|
Batting: LHB Jamel Alexander
|
0-0: Ball 1-0: Called Strike 1-1: Foul Ball, location: 2F 1-2: Ball 2-2: Ground out 4-3 (Groundball, 4, EV 108.1 MPH)
|
| Bottom of the 2nd over - 2 runs, 3 hits, 1 error, 1 left on base; Springfield 0 - Columbia 2 |
| TOP OF THE 3RD |
|
Springfield Cardinals batting - Pitching for Columbia Fireflies : RHP Antonio Perez
|
|
Batting: RHB Workneh Lagat
|
0-0: Ball 1-0: Ball 2-0: Foul Ball, location: 2F 2-1: Ground out 5-3 (Groundball, 5, EV 107.5 MPH)
|
|
Batting: RHB Fekadu Alhaadi
|
0-0: Swinging Strike 0-1: Ball 1-1: Foul Ball, location: 2F 1-2: Foul Ball, location: 2F 1-2: Strikes out looking
|
|
Batting: RHB Jeff Long
|
0-0: Called Strike 0-1: SINGLE (Line Drive, 78S, EV 94.4 MPH)
|
|
Batting: RHB McGwire Jones
|
0-0: Swinging Strike 0-1: Swinging Strike 0-2: Strikes out looking
|
| Top of the 3rd over - 0 runs, 1 hit, 0 errors, 1 left on base; Springfield 0 - Columbia 2 |
| BOTTOM OF THE 3RD |
|
Columbia Fireflies batting - Pitching for Springfield Cardinals : LHP Nigel Turner
|
|
Batting: SHB Detlef Oursler
|
0-0: Ball 1-0: Ball 2-0: Ball 3-0: Called Strike 3-1: Base on Balls
|
|
Batting: SHB Jason Evans
|
0-0: Swinging Strike 0-1: Swinging Strike 0-2: Foul Ball, location: 2F 0-2: Ball 1-2: Strikes out swinging
|
|
Batting: RHB Nate Henderson
|
0-0: Ball 1-0: Ball 2-0: Ball 3-0: Foul Ball, location: 2F 3-1: Fly out, F7 (Flyball, 7, EV 78.8 MPH)
|
|
Batting: RHB Masaya Nakamura
|
0-0: Called Strike 0-1: Ball 1-1: Called Strike Detlef Oursler steals 2nd base 1-2: Ball 2-2: Ball 3-2: Foul Ball, location: 2F 3-2: Base on Balls
|
|
Batting: LHB Tony Leyba
|
0-0: Ball 1-0: Ball 2-0: Called Strike 2-1: Foul Ball, location: 2F 2-2: Strikes out swinging
|
| Bottom of the 3rd over - 0 runs, 0 hits, 0 errors, 2 left on base; Springfield 0 - Columbia 2 |
| TOP OF THE 4TH |
|
Springfield Cardinals batting - Pitching for Columbia Fireflies : RHP Antonio Perez
|
|
Batting: RHB Tommy Boudreaux
|
0-0: Called Strike 0-1: Ball 1-1: Ground out 4-3 (Groundball, 34, EV 76.9 MPH)
|
|
Batting: LHB Angelo Vasquez
|
0-0: Called Strike 0-1: Foul Ball, location: 2F 0-2: Ball 1-2: Strikes out swinging
|
|
Batting: RHB Fortunato Fteira
|
0-0: Called Strike 0-1: Ball 1-1: Ball 2-1: Swinging Strike 2-2: Fly out, F8 (Flyball, 89M, EV 94.4 MPH)
|
| Top of the 4th over - 0 runs, 0 hits, 0 errors, 0 left on base; Springfield 0 - Columbia 2 |
| BOTTOM OF THE 4TH |
|
Columbia Fireflies batting - Pitching for Springfield Cardinals : LHP Nigel Turner
|
|
Batting: RHB Larry Shoop
|
0-0: Called Strike 0-1: Ball 1-1: Called Strike 1-2: Foul Ball, location: 2F 1-2: Ground out 4-3 (Groundball, 4, EV 88.1 MPH)
|
|
Batting: LHB Dan Bremseth
|
0-0: Fly out, F7 (Flyball, 7D, EV 87.5 MPH)
|
|
Batting: LHB Zane Kelton
|
0-0: Ball 1-0: Ball 2-0: SINGLE (Line Drive, 4MD, EV 96.9 MPH)
|
|
Batting: LHB Jamel Alexander
|
0-0: Ball 1-0: SINGLE (Groundball, 15S, EV 67.5 MPH) (infield hit) Zane Kelton to second
|
|
Batting: SHB Detlef Oursler
|
0-0: Ball 1-0: Ball 2-0: Ball 3-0: Base on Balls Zane Kelton to third Jamel Alexander to second
|
|
Batting: SHB Jason Evans
|
0-0: Called Strike 0-1: SINGLE (Groundball, 5S, EV 73.8 MPH) (infield hit) Zane Kelton scores Jamel Alexander to third Detlef Oursler to second
|
|
Batting: RHB Nate Henderson
|
0-0: Foul Ball, location: 2F 0-1: Ground out 4-3 (Groundball, 4, EV 103.1 MPH)
|
| Bottom of the 4th over - 1 run, 3 hits, 0 errors, 3 left on base; Springfield 0 - Columbia 3 |
| TOP OF THE 5TH |
|
Springfield Cardinals batting - Pitching for Columbia Fireflies : RHP Antonio Perez
|
|
Batting: RHB Immel Kamuzu
|
0-0: Ball 1-0: Foul Ball, location: 2F 1-1: Ground out 5-3 (Groundball, 5L, EV 105.6 MPH)
|
|
Batting: RHB Juan Martinez
|
0-0: SINGLE (Line Drive, 7LS, EV 106.2 MPH)
|
|
Batting: RHB Workneh Lagat
|
0-0: Foul Ball, location: 2F 0-1: Ball Pickoff Throw to First - Out! 1-3 CS 1-1: Ball 2-1: SINGLE (Line Drive, 78S, EV 95.6 MPH)
|
|
Batting: RHB Fekadu Alhaadi
|
0-0: Hit by Pitch Workneh Lagat to second
|
|
Batting: RHB Jeff Long
|
0-0: Swinging Strike 0-1: Foul Ball, location: 2F 0-2: Ball 1-2: Foul Ball, location: 2F 1-2: Strikes out swinging
|
| Top of the 5th over - 0 runs, 2 hits, 0 errors, 2 left on base; Springfield 0 - Columbia 3 |
| BOTTOM OF THE 5TH |
|
Columbia Fireflies batting - Pitching for Springfield Cardinals : LHP Nigel Turner
|
|
Batting: RHB Masaya Nakamura
|
0-0: Ball 1-0: DOUBLE (Line Drive, 5D, EV 98.1 MPH)
|
|
Pinch Runner at 2nd Miguel Ramos:
|
|
|
Batting: LHB Tony Leyba
|
0-0: Foul Ball, location: 2F 0-1: Ball 1-1: SINGLE (Groundball, 34S, EV 69.4 MPH) (infield hit) Miguel Ramos to third
|
|
Batting: RHB Larry Shoop
|
0-0: Fielders Choice at 2nd, 6-4 (Groundball, 6, EV 92.5 MPH) Miguel Ramos scores
|
|
Batting: LHB Dan Bremseth
|
0-0: Fielders Choice at 2nd, 4-6 (Groundball, 4M, EV 78.8 MPH)
|
|
Batting: LHB Zane Kelton
|
0-0: Foul Ball, location: 2F 0-1: Ball 1-1: Ball 2-1: Ball 3-1: Fly out, F8 (Flyball, 8RM, EV 95.6 MPH)
|
| Bottom of the 5th over - 1 run, 2 hits, 0 errors, 1 left on base; Springfield 0 - Columbia 4 |
| TOP OF THE 6TH |
|
Springfield Cardinals batting - Pitching for Columbia Fireflies : RHP Antonio Perez
|
|
Now at 1B: Bayesa Mundhir
|
|
|
Batting: RHB McGwire Jones
|
0-0: SINGLE (Flyball, 8RS, EV 86.2 MPH)
|
|
Batting: RHB Tommy Boudreaux
|
0-0: Ball 1-0: Fly out, F6 (Popup, 6, EV 67.5 MPH)
|
|
Batting: LHB Angelo Vasquez
|
0-0: Called Strike 0-1: Called Strike 0-2: Ball 1-2: Ball 2-2: Ball 3-2: Reached on error, E4 (Groundball, 34, EV 90.6 MPH) McGwire Jones to second
|
|
Batting: RHB Fortunato Fteira
|
0-0: Called Strike 0-1: Ball 1-1: Grounds into double play, 1-6-3 (Groundball, 13S, EV 61.2 MPH)
|
| Top of the 6th over - 0 runs, 1 hit, 1 error, 1 left on base; Springfield 0 - Columbia 4 |
| BOTTOM OF THE 6TH |
|
Columbia Fireflies batting - Pitching for Springfield Cardinals : LHP Nigel Turner
|
|
Batting: LHB Jamel Alexander
|
0-0: Ball 1-0: Ball 2-0: Ball 3-0: Called Strike 3-1: Base on Balls
|
|
Batting: SHB Detlef Oursler
|
0-0: Called Strike 0-1: Swinging Strike 0-2: Foul Ball, location: 2F 0-2: Fielders Choice at 2nd, 5-4 (Groundball, 56, EV 88.8 MPH)
|
|
Batting: SHB Jason Evans
|
0-0: Ball Detlef Oursler is caught stealing 2nd base 2-4 1-0: Called Strike 1-1: Called Strike 1-2: SINGLE (Groundball, 56D, EV 102.5 MPH)
|
|
Pitching: RHP Chris Moore
|
|
|
Batting: RHB Nate Henderson
|
0-0: Ball 1-0: Ball 2-0: Foul Ball, location: 2F 2-1: Ball 3-1: Swinging Strike 3-2: Foul Ball, location: 2F 3-2: Strikes out swinging
|
| Bottom of the 6th over - 0 runs, 1 hit, 0 errors, 1 left on base; Springfield 0 - Columbia 4 |
| TOP OF THE 7TH |
|
Springfield Cardinals batting - Pitching for Columbia Fireflies : RHP Antonio Perez
|
|
Batting: RHB Immel Kamuzu
|
0-0: SINGLE (Line Drive, 6D, EV 95.0 MPH)
|
|
Batting: RHB Juan Martinez
|
0-0: Ball 1-0: Ball 2-0: Swinging Strike 2-1: Foul Ball, location: 2F 2-2: Strikes out swinging
|
|
Batting: RHB Workneh Lagat
|
0-0: Called Strike 0-1: Fly out, F7 (Flyball, 7LM, EV 88.1 MPH)
|
|
Batting: RHB Fekadu Alhaadi
|
0-0: Ball 1-0: Called Strike 1-1: Called Strike 1-2: Strikes out looking
|
| Top of the 7th over - 0 runs, 1 hit, 0 errors, 1 left on base; Springfield 0 - Columbia 4 |
| BOTTOM OF THE 7TH |
|
Columbia Fireflies batting - Pitching for Springfield Cardinals : RHP Chris Moore
|
|
Batting: LHB Bayesa Mundhir
|
0-0: Ball 1-0: Swinging Strike 1-1: Foul Ball, location: 2F 1-2: Strikes out swinging
|
|
Batting: LHB Tony Leyba
|
0-0: Fly out, F7 (Flyball, 7, EV 85.6 MPH)
|
|
Batting: RHB Larry Shoop
|
0-0: Ball 1-0: Called Strike 1-1: Ball 2-1: Hit by Pitch
|
|
Batting: LHB Dan Bremseth
|
0-0: Called Strike Larry Shoop steals 2nd base 0-1: Called Strike 0-2: Ball 1-2: Ball 2-2: Ground out U3 (Groundball, 3, EV 84.4 MPH)
|
| Bottom of the 7th over - 0 runs, 0 hits, 0 errors, 1 left on base; Springfield 0 - Columbia 4 |
| TOP OF THE 8TH |
|
Springfield Cardinals batting - Pitching for Columbia Fireflies : RHP Antonio Perez
|
|
Batting: RHB Jeff Long
|
0-0: Ball 1-0: Swinging Strike 1-1: Foul Ball, location: 2F 1-2: Ball 2-2: Reached on error, E4 (Groundball, 4, EV 82.5 MPH)
|
|
Pitching: RHP Geoff McDaniel
|
|
|
Batting: RHB McGwire Jones
|
0-0: Called Strike 0-1: Swinging Strike 0-2: Ball 1-2: Ball 2-2: Foul Ball, location: 2F 2-2: Fielders Choice at 2nd, 6-4 (Groundball, 6, EV 90.6 MPH)
|
|
Batting: RHB Tommy Boudreaux
|
0-0: Ball 1-0: Ball 2-0: Called Strike 2-1: Fly out, F8 (Flyball, 8LXD, EV 98.1 MPH)
|
|
Batting: LHB Angelo Vasquez
|
0-0: Called Strike 0-1: Ball 1-1: Swinging Strike 1-2: Ball 2-2: Ball 3-2: Fly out, F7 (Line Drive, 7, EV 91.9 MPH)
|
| Top of the 8th over - 0 runs, 0 hits, 1 error, 1 left on base; Springfield 0 - Columbia 4 |
| BOTTOM OF THE 8TH |
|
Columbia Fireflies batting - Pitching for Springfield Cardinals : RHP Chris Moore
|
|
Batting: LHB Zane Kelton
|
0-0: Ground out 1-3 (Groundball, 34S, EV 68.1 MPH)
|
|
Batting: LHB Jamel Alexander
|
0-0: Called Strike 0-1: Ball 1-1: Ground out 4-3 (Groundball, 4M, EV 77.5 MPH)
|
|
Batting: SHB Detlef Oursler
|
0-0: Ball 1-0: Ball 2-0: Called Strike 2-1: Foul Ball, location: 2F 2-2: Ball 3-2: SINGLE (Groundball, 4D, EV 98.8 MPH)
|
|
Batting: SHB Jason Evans
|
0-0: Ball Detlef Oursler steals 2nd, throwing error, E2 Detlef Oursler to third 1-0: Called Strike 1-1: Ball 2-1: Foul Ball, location: 2F 2-2: Foul Ball, location: 2F 2-2: Foul Ball, location: 2F 2-2: SINGLE (Line Drive, 8LS, EV 96.9 MPH) Detlef Oursler scores
|
|
Pitching: RHP Juan Gomez
|
|
|
Batting: RHB Nate Henderson
|
0-0: Ball 1-0: Called Strike 1-1: Ground out 4-3 (Groundball, 4, EV 90.0 MPH)
|
| Bottom of the 8th over - 1 run, 2 hits, 1 error, 1 left on base; Springfield 0 - Columbia 5 |
| TOP OF THE 9TH |
|
Springfield Cardinals batting - Pitching for Columbia Fireflies : RHP Geoff McDaniel
|
|
Batting: RHB Fortunato Fteira
|
0-0: Ball 1-0: Foul Ball, location: 2F 1-1: Ground out 5-3 (Groundball, 5, EV 78.8 MPH)
|
|
Batting: RHB Immel Kamuzu
|
0-0: Ball 1-0: Ball 2-0: Ball 3-0: Swinging Strike 3-1: Foul Ball, location: 2F 3-2: Strikes out swinging
|
|
Batting: RHB Juan Martinez
|
0-0: Reached on error, E6 (Groundball, 56, EV 86.2 MPH)
|
|
Batting: RHB Workneh Lagat
|
0-0: Ball 1-0: Fly out, F8 (Line Drive, 8LD, EV 94.4 MPH)
|
| Top of the 9th over - 0 runs, 0 hits, 1 error, 1 left on base; Springfield 0 - Columbia 5 |
|